 Dungeon Crawl Stone Soup version 0.21.1-1-g345015f (webtiles) character file.

169 Goblin1989 the Vexing (level 5, -1/37 HPs)
             Began as a Demonspawn Enchanter on Mar 2, 2018.
             Was an Initiate of Fedhas.
             Slain by an ogre
             ... wielding a +0 giant spiked club
              (11 damage)
             ... on level 4 of the Dungeon.
             The game lasted 00:06:58 (4017 turns).

Goblin1989 the Vexing (Demonspawn Enchanter)        Turns: 4017, Time: 00:06:59

Health: -1/37      AC:  4    Str:  8    XL:     5   Next: 25%
Magic:  10/17      EV: 13    Int: 18    God:    Fedhas [......]
Gold:   102        SH:  2    Dex: 13    Spells: 3/9 levels left

rFire    . . .     SeeInvis .   a - +1 dagger
rCold    . . .     Gourm    .   (no shield)
rNeg     . . .     Faith    .   b - +0 robe
rPois    .         Spirit   .   y - +0 helmet
rElec    .         Reflect  +   (no cloak)
rCorr    +         Harm     .   q - +0 pair of gloves
MR       .....                  (no boots)
Stlth    ++........             x - +2 amulet of reflection (curse)
HPRegen  0.12/turn              z - ring of magical power
MPRegen  0.15/turn              g - ring of resist corrosion

@: no status effects
A: talons 1, spiny 1
a: Fungal Bloom, Renounce Religion


You were on level 4 of the Dungeon.
You worshipped Fedhas.
Fedhas was noncommittal.
You were hungry.

You visited 1 branch of the dungeon, and saw 4 of its levels.

You collected 102 gold pieces.

Inventory:

Hand Weapons
 a - a +1 dagger (weapon)
Armour
 b - a +0 robe (worn)
 q - a +0 pair of gloves (worn)
 y - a +0 helmet (worn)
Jewellery
 g - a ring of resist corrosion (right hand)
 t - an uncursed ring of ice
 x - a cursed +2 amulet of reflection (around neck)
 z - a ring of magical power (left hand)
Scrolls
 h - a scroll of random uselessness {unknown}
 i - 2 scrolls of noise {unknown}
 k - 7 scrolls of identify {unknown}
 l - 2 scrolls of magic mapping {unknown}
 m - 2 scrolls of fear {unknown}
 n - a scroll of immolation {unknown}
 s - a scroll of remove curse {unknown}
 A - a scroll of teleportation {unknown}
 B - a scroll of amnesia {unknown}
Potions
 f - a potion of agility {unknown}
 j - a potion of degeneration {unknown}
 p - a potion of haste {unknown}
 w - 2 potions of heal wounds {unknown}
Books
 c - a book of Maledictions

   Spells                             Type                      Level
   a - Corona                         Hexes                        1
   b - Ensorcelled Hibernation        Hexes/Ice                    2
   c - Confuse                        Hexes                        3
   d - Tukima's Dance                 Hexes                        3
   e - Dazzling Spray                 Conjuration/Hexes            3
 v - a book of Minor Magic

   Spells                             Type                      Level
   a - Magic Dart                     Conjuration                  1
   b - Blink                          Translocation                2
   c - Call Imp                       Summoning                    2
   d - Slow                           Hexes                        2
   e - Conjure Flame                  Conjuration/Fire             3
   f - Mephitic Cloud                 Conjuration/Poison/Air       3
Comestibles
 e - 4 rations


   Skills:
 + Level 1.6 Fighting
 - Level 2.7 Short Blades
 + Level 2.5 Dodging
 - Level 2.6 Stealth
 * Level 0.4 Unarmed Combat
 + Level 2.6 Spellcasting
 + Level 3.6 Hexes


You had 3 spell levels left.
You knew the following spells:

 Your Spells              Type           Power        Failure   Level  Hunger
a - Corona                Hex            ###....      3%          1    #......
x - Confuse               Hex            ###.....     11%         3    ###....
z - Ensorcelled Hibernat  Hex/Ice        #.....       12%         2    ##.....


Dungeon Overview and Level Annotations

Branches:
Dungeon (4/15)
 Temple: D:4-7

Altars:
Fedhas

Annotations:
D:4 TheDeathLetter's ghost, amateur DgCj


Innate Abilities, Weirdness & Mutations

You have sharp toenails.
You are partially covered in sharp spines.


Message History

Press: ? - help, Shift-Dir - straight line, f - ogre
Aim: an ogre, wielding a giant spiked club (chance to defeat MR: 46%)
You miscast Confuse.
You are very lightly contaminated with residual magic.
Nothing appears to happen.
You now have 14/17 mp.
Casting: Confuse
Confirm with . or Enter, or press ? or * to list all spells.
Aiming: Confuse
Press: ? - help, Shift-Dir - straight line, f/p - ogre
Aim: an ogre, wielding a giant spiked club (chance to defeat MR: 46%)
The ogre resists with some effort.
You are feeling hungry.
A giant cockroach comes into view.
You now have 11/17 mp.
Casting: Confuse
Confirm with . or Enter, or press ? or * to list all spells.
Aiming: Confuse
Press: ? - help, Shift-Dir - straight line, f/p - ogre
Aim: an ogre, wielding a giant spiked club (chance to defeat MR: 46%)
The ogre appears confused.
The ogre hits the worm with a giant spiked club!
You now have 8/17 mp.
Casting: Confuse
Confirm with . or Enter, or press ? or * to list all spells.
Okay, then.
A giant cockroach comes into view.
There is an open door here.
The worm bites you.
You take 3 damage, and have 34/37 hp.
You hit the worm but do no damage.
The worm is severely wounded.
The giant cockroach bites you.
The ogre asks, "Where am I?"
You take 1 damage, and have 33/37 hp.
You hit the worm. You claw the worm, but do no damage.
The worm is almost dead.
The worm misses you.
There is an open door here.
Things that are here:
a falchion; a hand axe You closely miss the giant cockroach.
You claw the giant cockroach.
The giant cockroach is moderately wounded.
The giant cockroach bites you but does no damage.
You hit the giant cockroach.
You kill the giant cockroach!
You closely miss the giant cockroach.
The giant cockroach is struck by your spines.
The giant cockroach bites you but does no damage.
You hit the giant cockroach.
The giant cockroach is severely wounded.
The giant cockroach barely misses you.
You closely miss the giant cockroach.
The giant cockroach is severely wounded.
The giant cockroach barely misses you.
You hit the giant cockroach but do no damage.
Your kick misses the giant cockroach.
The giant cockroach is severely wounded.
The giant cockroach misses you.
You hit the giant cockroach.
The giant cockroach is almost dead.
The giant cockroach misses you.
You barely miss the giant cockroach.
The giant cockroach is almost dead.
The giant cockroach is struck by your spines.
You kill the giant cockroach!
The worm bites you.
You see here a giant cockroach corpse.
You take 1 damage, and have 33/37 hp.
You hit the worm. You claw the worm.
The worm is severely wounded.
The worm misses you.
You hit the worm. Your kick misses the worm.
The worm is almost dead.
You hit the worm.
You kill the worm!
You hit the ogre. You claw the ogre.
The ogre is lightly wounded.
The ogre hits you with a giant spiked club!!
Ouch! That really hurt!
* * * LOW HITPOINT WARNING * * *
Your magical contamination has completely faded away.
You take 25 damage, and have 9/37 hp.
MASSIVE DAMAGE!!
Things that are here:
a falchion; a hand axe
Casting: Confuse
Confirm with . or Enter, or press ? or * to list all spells.
Aiming: Ensorcelled Hibernation
Press: ? - help, Shift-Dir - straight line, f/p - ogre
Aim: an ogre, wielding a giant spiked club (lightly wounded, chance to defeat MR: 39%)
The ogre looks drowsy...
You now have 10/17 mp.
The helpless ogre fails to defend itself.
You puncture the ogre!
The ogre is severely wounded.
You hit the ogre.
The ogre is severely wounded.
The ogre hits you with a giant spiked club!
You die...
Fedhas appreciates your contribution to the ecosystem. █.█ █........ █.████ █........ █....█ ▲........ ████.█ █████████ █........ █.█ ........█ █..$..... █.████ ███████÷█

█........ █....█
█)███........ ████.█
█.███████))†∆........
█.█.█.....@O...██........
█.█.██████████.██........
█.█...████████.█████▲████
█.█.█.██.......█
█.█....█.███████
█.█.█..█.█.. █.█.█..█.█.█
█.█<...█.█.█
█.█.█.██.█.███████.█


You could see an ogre.

Vanquished Creatures
  An ogre (D:4)
  An adder (D:3)
  An ooze (D:1)
  A worm (D:4)
  3 dart slugs
  4 orcs (D:4)
  6 giant cockroaches
  6 goblins
  7 hobgoblins
  4 kobolds
  2 quokkas
  A ball python (D:2)
  7 bats
  7 frilled lizards
  9 rats
60 creatures vanquished.

Vanquished Creatures (others)
  5 toadstools
5 creatures vanquished.

Grand Total: 65 creatures vanquished

Notes
Turn   | Place    | Note
-------+----------+-------------------------------------------
     0 | D:1      | Goblin1989 the Demonspawn Enchanter began the quest for the Orb.
     0 | D:1      | Reached XP level 1. HP: 13/13 MP: 3/3
     0 | D:1      | Goblin1989: !lg . -log
     0 | D:1      | beem: 2349. Goblin1989, XL2 DsEn, T:719: https://crawl.xtahua.com/crawl/morgue/Goblin1989/morgue-Goblin1989-20180302-055803.txt
    38 | D:1      | Reached skill level 1 in Short Blades
   322 | D:1      | Gained mutation: You are partially covered in sharp spines. [demonic ancestry]
   322 | D:1      | Reached XP level 2. HP: 12/19 MP: 5/5
  1105 | D:1      | Reached XP level 3. HP: 25/25 MP: 6/6
  2025 | D:2      | Reached skill level 1 in Fighting
  2049 | D:2      | Found a blossoming altar of Fedhas.
  2069 | D:2      | Became a worshipper of Fedhas Madash
  3415 | D:3      | Reached XP level 4. HP: 32/32 MP: 7/7
  3565 | D:4      | Noticed an ogre
  3629 | D:4      | Noticed TheDeathLetter's ghost (amateur DgCj)
  3650 | D:3      | Learned a level 3 spell: Confuse
  3653 | D:3      | Learned a level 2 spell: Ensorcelled Hibernation
  3718 | D:4      | Killed an ogre
  3718 | D:4      | Gained mutation: You have sharp toenails. [demonic ancestry]
  3718 | D:4      | Reached XP level 5. HP: 37/37 MP: 8/8
  3986 | D:4      | Noticed an ogre
  4017 | D:4      | Slain by an ogre

Skill      XL: |  1  2  3 |
---------------+----------+-----
Short Blades   | 1 2 |  2.7
Dodging        | 2 |  2.5
Fighting       | 1 |  1.6
Stealth        | |  2.6
Unarmed Combat | |  0.4
Spellcasting   | |  2.6
Hexes          | |  3.6

Action                   |  1- 3 |  4- 6 || total
-------------------------+-------+-------++-------
Melee: Dagger            |   140 |    35 ||   175
       Kick              |       |     5 ||     5
 Cast: Corona            |     3 |       ||     3
       Confuse           |       |     4 ||     4
       Ensorcelled Hiber |       |     1 ||     1
Invok: Fungal Bloom      |       |     2 ||     2
 Stab: Sleeping          |    10 |     2 ||    12
       Confused          |       |     2 ||     2
  Eat: Chunk             |     6 |       ||     6
       Ration            |       |     1 ||     1
Armor: Robe              |    26 |     2 ||    28
Dodge: Dodged            |    86 |    14 ||   100

Vault maps used:
D:1:      doesnt_arrival_eight_statues
D:2:      st_stairs_4, fedhas_altar_2
D:4:      gammafunk_temple_overflow_forgotten
